 Dungeon Crawl Stone Soup version 0.30.0-29-ga12c61a403 (webtiles) character file.

Game seed: 17197108227360946612

94 monsoonserge the Slasher (level 5, -1/46 HPs)
             Began as a Meteoran Monk on June 8, 2023.
             Was a Priest of Vehumet.
             Slain by Edmund
             ... wielding a +2 flail of holy wrath
              (13 damage)
             ... on level 4 of the Dungeon.
             The game lasted 00:07:40 (922 turns).

monsoonserge the Slasher (Meteoran Monk)             Turns: 922, Time: 00:07:41

Health: -1/46      AC:  4    Str: 13    XL:     5   Next: 17%
Magic:  0/7        EV: 13    Int: 17    God:    Vehumet [***...]
Gold:   127        SH:  0    Dex: 18    Spells: 2/6 levels left

rFire   . . .        a - +0 falchion
rCold   . . .        d - orb {light}
rNeg    . . .        n - +0 leather armour
rPois   .            (no helmet)
rElec   .            (no cloak)
rCorr   .            l - +0 pair of gloves
SInv    .            (no boots)
Will    .....        (no amulet)
Stlth   +            q - +6 ring of intelligence
HPRegen 0.27/turn    (no ring)
MPRegen 0.10/turn

%: no passive effects
@: very slightly contaminated, hasted, glowing, very quick
A: sense surroundings 1, otherworldly, glowing, explore regen
a: Renounce Religion


You were on level 4 of the Dungeon.
You worshipped Vehumet.
Vehumet was most pleased with you.
You visited 1 branch of the dungeon, and saw 4 of its levels.

You collected 127 gold pieces.

Inventory:

Hand Weapons
 a - a +0 falchion (weapon)
Missiles
 i - 3 poisoned darts (quivered)
 m - 6 atropa-tipped darts
 v - 4 boomerangs
Armour
 b - a +0 robe
 d - an orb of light (worn)
 l - a +0 pair of gloves (worn)
 n - a +0 leather armour (worn)
Magical Staves
 w - a staff of cold
Jewellery
 q - a +6 ring of intelligence (left hand)
Scrolls
 e - 2 scrolls of vulnerability {unknown}
 h - a scroll of magic mapping {unknown}
 k - a scroll of enchant armour {unknown}
 o - a scroll of torment {unknown}
 p - 2 scrolls of fog {unknown}
 r - a scroll of teleportation {unknown}
 t - a scroll of fear {unknown}
 u - a scroll of brand weapon {unknown}
 x - a scroll of identify {unknown}
Potions
 c - a potion of ambrosia
 f - a potion of haste
 g - 4 potions of curing
 j - a potion of attraction {unknown}
 s - a potion of resistance {unknown}
 z - a potion of lignification {unknown}


   Skills:
 + Level 4.0 Fighting
 + Level 4.5 Long Blades
 * Level 1.3 Armour
 + Level 4.2 Dodging
 - Level 1.0 Spellcasting
 * Level 1.0 Conjurations
 * Level 0.8 Earth Magic


You had 2 spell levels left.
You knew the following spells:

 Your Spells              Type           Power      Damage    Failure   Level
a - Magic Dart            Conj           16%        1d3       5%          1
b - Stone Arrow           Conj/Erth      6%         3d7       16%         3

Your spell library contained the following spells:

 Spells                   Type           Power      Damage    Failure   Level


Dungeon Overview and Level Annotations

Branches:
Dungeon (4/15) Zot: 1465
 Temple: D:4-7

Altars:
Ru
Vehumet
Yredelemnul

Annotations:
D:4 Edmund


Innate Abilities, Weirdness & Mutations

You passively map a small area around you.
You are easily found by Zot.
You glow in the dark.
You regain HP and MP as you explore.


Message History

Casting: Stone Arrow (dangerous; 16% risk of failure)
Confirm with . or Enter, or press ? or * to list all spells.
Aiming: Stone Arrow (dangerous; 16% risk of failure)
Press: ? - help, Shift-Dir - straight line, f - Edmund
Aim: Edmund, wielding a +2 flail of holy wrath and wearing a +0 leather armour (lightly wounded, haloed, 78% to hit)
Edmund hits you with a +2 flail of holy wrath.
Unknown command.
You slash Edmund!
Edmund is moderately wounded.
Edmund hits you with a +2 flail of holy wrath.
You hit Edmund.
Edmund is heavily wounded.
Edmund hits you with a +2 flail of holy wrath.
You barely miss Edmund.
Edmund is heavily wounded.
Edmund barely misses you.
You hit Edmund.
Edmund is heavily wounded.
Edmund hits you with a +2 flail of holy wrath!
You hit Edmund.
Edmund is severely wounded.
Edmund hits you with a +2 flail of holy wrath!
* * * LOW HITPOINT WARNING * * *
It was a potion of curing.
You feel better. Edmund misses you.
It was a potion of haste.
You feel yourself speed up. Edmund hits you but does no damage.
You hit Edmund.
Edmund is severely wounded.
Edmund hits you with a +2 flail of holy wrath.
* * * LOW HITPOINT WARNING * * *
Casting: Stone Arrow (dangerous; 16% risk of failure)
Confirm with . or Enter, or press ? or * to list all spells.
Aiming: Stone Arrow (dangerous; 16% risk of failure)
Press: ? - help, Shift-Dir - straight line, f - Edmund
Aim: Edmund, wielding a +2 flail of holy wrath and wearing a +0 leather armour (severely wounded, haloed, 78% to hit)
You miscast Stone Arrow.
You are very lightly contaminated with residual magic.
You feel a surge of energy from the ground.
Edmund hits you with a +2 flail of holy wrath!
You die...

..##..... ..... ,
#.......###.....
,
#..............#
*
...............#,
,
#..............#
* ,, ,,
..............#
#..........# , ,
* , #@......?.#
#@†.......# * , ,
#........## **, ,
#.......## ,
######...., ** ,
##### ** * ,


You could see Edmund.

Vanquished Creatures
  A hound (D:4)
  An adder (D:2)
  2 worms (D:2)
  A dart slug (D:1)
  2 orcs (D:3)
  3 bats
  2 endoplasms
  4 giant cockroaches
  4 goblins
  4 hobgoblins
  2 quokkas (D:1)
  7 ball pythons
  A frilled lizard (D:2)
  5 kobolds
  6 rats
45 creatures vanquished.

Notes
Turn   | Place    | Note
-------+----------+-------------------------------------------
     0 | D:1      | monsoonserge the Meteoran Monk began the quest for the Orb.
     0 | D:1      | Reached XP level 1. HP: 19/19 MP: 2/2
    72 | D:1      | Reached XP level 2. HP: 21/26 MP: 3/3
   167 | D:1      | Found a faded altar of an unknown god.
   179 | D:1      | Reached XP level 3. HP: 21/31 MP: 4/4
   190 | D:1      | Prayed at the altar of an unknown god.
   190 | D:1      | Became a worshipper of Vehumet
   190 | D:1      | Reached * piety under Vehumet
   190 | D:1      | Offered knowledge of Magic Dart by Vehumet.
   190 | D:1      | Reached ** piety under Vehumet
   196 | D:1      | Learned a level 1 spell: Magic Dart
   288 | D:2      | Offered knowledge of Freeze by Vehumet.
   360 | D:2      | Reached *** piety under Vehumet
   361 | D:2      | Reached XP level 4. HP: 26/40 MP: 2/5
   382 | D:2      | Found a basalt altar of Yredelemnul.
   475 | D:2      | Offered knowledge of Stone Arrow by Vehumet.
   494 | D:2      | Learned a level 3 spell: Stone Arrow
   596 | D:2      | Reached skill level 1 in Spellcasting
   766 | D:3      | Found a sacrificial altar of Ru.
   906 | D:4      | Reached skill level 1 in Armour
   906 | D:4      | Reached skill level 1 in Conjurations
   906 | D:4      | Reached XP level 5. HP: 44/46 MP: 4/7
   906 | D:4      | Noticed Edmund
   922 | D:4      | Slain by Edmund

Illustrated notes

Levels and vault maps discovered:
D:1:      beargit_arrival_greenhouse, layout_rooms,
          nicolae_ecumenical_snake_handling, serial_bayou_pond_a
D:2:      layout_basic, basic_altar
D:3:      layout_basic, amcnicky_altar_gilded
D:4:      gammafunk_steamed_eel, layout_rooms, nzn_wu_jian_council_hall,
          gammafunk_temple_overflow_pools, uniq_duvessa, uniq_edmund

Skill      XL: |  1  2  3  4 |
---------------+-------------+-----
Long Blades    | 4 |  4.5
Dodging        | 4 |  4.2
Spellcasting   | 1 |  1.0
Fighting       | 4 |  4.0
Armour         | 1 |  1.3
Conjurations   | 1 |  1.0
Earth Magic    | |  0.8

Action                     |  1- 3 |  4- 6 || total
---------------------------+-------+-------++-------
  Melee: Falchion          |    67 |    52 ||   119
   Cast: Magic Dart        |    11 |    12 ||    23
         Stone Arrow       |       |     6 ||     6
    Use: Potion            |       |     2 ||     2
   Stab: Sleeping          |     1 |       ||     1
 Armour: Robe              |    15 |       ||    15
         Leather armour    |     4 |    11 ||    15
  Dodge: Dodged            |    39 |    19 ||    58
